 Dungeon Crawl Stone Soup version 0.23.0 (webtiles) character file.

Game seed: 8544595553213793537

2048 TheOrbIsALie the Firebug (level 9, -15/67 HPs)
             Began as a Gnoll Wanderer on Feb 22, 2019.
             Was a Believer of Sif Muna.
             Demolished by an orc warrior
             ... wielding a +0 short sword
              (21 damage)
             ... on level 5 of the Dungeon.
             The game lasted 00:17:14 (5463 turns).

TheOrbIsALie the Firebug (Gnoll Wanderer)           Turns: 5463, Time: 00:17:15

Health: -15/67     AC:  4    Str: 13    XL:     9   Next: 24%
Magic:  12/16      EV: 30    Int: 19    God:    Sif Muna [**....]
Gold:   350        SH:  7    Dex: 15    Spells: 16/17 levels left

rFire    . . .     SeeInvis +   G - +4 falchion
rCold    . . .     Gourm    .   l - +2 buckler
rNeg     . . .     Faith    .   d - +0 robe
rPois    .         Spirit   .   I - +0 helmet
rElec    .         Reflect  .   (no cloak)
rCorr    .         Harm     .   k - +0 pair of gloves
MR       .....                  (no boots)
Stlth    +++.......             w - amulet of the acrobat
HPRegen  0.21/turn              B - ring of see invisible
MPRegen  0.15/turn              (no ring)

@: acrobat
A: distributed training, fangs 1, strong nose
a: Divine Energy, Renounce Religion


You were on level 5 of the Dungeon.
You worshipped Sif Muna.
Sif Muna was pleased with you.
You were not hungry.

You visited 1 branch of the dungeon, and saw 6 of its levels.
You also visited: Sewer.

You collected 350 gold pieces.

Inventory:

Hand Weapons
 b - a +0 spear
 z - a +5 great sword
 G - a +4 falchion (weapon)
 M - the +2 quarterstaff of Gusur {holy, Fragile rF+ Int+3}
   (You found it on level 6 of the Dungeon)

   It has been blessed by the Shining One to cause great damage to the undead
   and demons.
   It affects your intelligence (+3).
   It protects you from fire.
   It will be destroyed if unequipped.
Missiles
 C - 16 bolts
Armour
 d - a +0 robe (worn)
 k - a +0 pair of gloves (worn)
 l - a +2 buckler (worn)
 I - a +0 helmet (worn)
Magical Staves
 H - an uncursed staff of cold
Jewellery
 o - an uncursed amulet of guardian spirit
 w - an amulet of the acrobat (around neck)
 B - a ring of see invisible (left hand)
Wands
 a - a wand of flame (3)
 q - a wand of paralysis (14)
 F - a wand of enslavement (6)
Scrolls
 c - a scroll of blinking {unknown}
 e - 3 scrolls of immolation {unknown}
 g - 3 scrolls of teleportation {unknown}
 i - 3 scrolls of remove curse {unknown}
 j - a scroll of magic mapping {unknown}
 t - 5 scrolls of identify
 v - a scroll of fear {unknown}
 y - a scroll of fog {unknown}
 A - a scroll of amnesia {unknown}
 E - 2 scrolls of enchant weapon {unknown}
 J - a scroll of silence {unknown}
Potions
 h - a potion of lignification
 m - 2 potions of cancellation {unknown}
 n - 2 potions of magic {unknown}
 r - a potion of degeneration {unknown}
 s - 2 potions of agility {unknown}
 u - 2 potions of might {unknown}
 x - a potion of flight
 D - a potion of brilliance {unknown}
 L - a potion of invisibility {unknown}
Comestibles
 f - 8 rations
 K - 8 chunks of flesh


   Skills:
 + Level 4.8 Fighting
 + Level 4.0 Short Blades
 + Level 4.0 Long Blades
 + Level 4.0 Axes
 + Level 4.0 Maces & Flails
 + Level 4.8 Polearms
 + Level 4.0 Staves
 + Level 4.0 Slings
 + Level 4.0 Bows
 + Level 4.0 Crossbows
 + Level 4.8 Throwing
 + Level 4.0 Armour
 + Level 4.8 Dodging
 + Level 4.0 Stealth
 + Level 4.0 Shields
 + Level 4.0 Unarmed Combat
 + Level 4.9 Spellcasting
 + Level 3.2 Conjurations
 + Level 3.2 Hexes
 + Level 3.2 Charms
 + Level 3.2 Summonings
 + Level 5.1 Necromancy
 + Level 3.2 Translocations
 + Level 3.2 Transmutations
 + Level 5.1 Fire Magic
 + Level 3.2 Ice Magic
 + Level 3.2 Air Magic
 + Level 3.2 Earth Magic
 + Level 3.2 Poison Magic
 + Level 4.4 Invocations
 + Level 4.8 Evocations


You had 16 spell levels left.
You knew the following spells:

 Your Spells              Type           Power        Failure   Level  Hunger
a - Sting                 Conj/Pois      ###.         3%          1    None

Your spell library contained the following spells:

 Spells                   Type           Power        Failure   Level  Hunger
 Ignite Poison            Fire/Tmut/Pois ###.....     8%          3    ##.....


Dungeon Overview and Level Annotations

Branches:
Dungeon (6/15)             Temple (0/1) D:4

Altars:
Cheibriados
Dithmenos
Fedhas
Kikubaaqudgha
Okawaru
Ru
Sif Muna
Trog
Wu Jian


Innate Abilities, Weirdness & Mutations

Your experience applies equally to all skills.
You have very sharp teeth.
Your uncanny sense of smell can sniff out nearby items.


Message History

The orc warrior hits you but does no damage.
The orc warrior completely misses you.
There is an escape hatch in the ceiling here.
The orc warrior hits you but does no damage.
You block the orc priest's attack.
The orc warrior hits you with a +0 short sword!!
* * * LOW HITPOINT WARNING * * *
A mysterious force pulls you upwards. The hatch slams shut behind you.
Unknown command.
The orc warrior completely misses you.
The orc warrior rages.
The orc priest calls down the wrath of Beogh upon you.
Beogh smites you!
* * * LOW HITPOINT WARNING * * *
Okay, then.
Unknown command.
The orc priest miscasts a cantrip.
The orc warrior misses you.
The orc warrior hits you with a +0 short sword!!
You die...

####....###.......##
#.....# #.
#..............#
####### #.
#...########.### #.
#...# #.#
##############.
####...# #o#
#..............
..##...#### #.#
#..<.....##.###
#.##......# #.#
#..##.#..##.#
#.#######.#
#o###..#.....##.#
#.# #...#
#.@.......#.###.#
#.# #...#
#####..##.#.###.#
#.#####...#####
#.....[.....#
..##..........#
##......#####
..............#
########
p.§####.......#
(§.§###...###.#
...§.##...###(#
..§§§§#...#...#


You could see an orc warrior (berserk) and an orc priest.

Vanquished Creatures
  Pikel (D:5)
  Grinder (D:3)
  Prince Ribbit (D:5)
  An ice beast (D:6)
  An ogre (D:5)
  2 centaurs
  4 wights (D:5)
  A howler monkey (D:3)
  A crimson imp (D:5)
  A hound (D:4)
  An orc priest (D:4)
  3 bullfrog skeletons
  Terence (D:2)
  An iguana (D:5)
  2 worker ants
  3 orc wizards
  2 hound skeletons (D:4)
  5 gnolls
  10 adders
  A shadow imp (D:5)
  5 oozes
  An adder skeleton (D:3)
  3 worms
  4 dart slugs
  7 leopard geckos
  13 orcs
  A ball python (Sewer)
  4 giant cockroaches
  11 goblins
  4 hobgoblins
  8 jackals
  6 kobolds
  A quokka (D:2)
  10 bats
  9 frilled lizards
  2 jackal skeletons
  2 jackal zombies
  5 rats
139 creatures vanquished.

Vanquished Creatures (others)
  Ijyb (D:5)
1 creature vanquished.

Grand Total: 140 creatures vanquished

Notes
Turn   | Place    | Note
-------+----------+-------------------------------------------
     0 | D:1      | TheOrbIsALie the Gnoll Wanderer began the quest for the
                  | Orb.
     0 | D:1      | TheOrbIsALie set off with the following items: a wand of
                  | flame (15), a +0 spear, a +0 robe, a ration; and the
                  | following spell memorised: Sting; and the following spells
                  | available to memorise: Ignite Poison
     0 | D:1      | Reached XP level 1. HP: 17/17 MP: 4/4
    51 | D:1      | Reached XP level 2. HP: 16/23 MP: 5/5
   457 | D:2      | Reached XP level 3. HP: 27/28 MP: 2/7
   827 | D:2      | Reached skill level 1 in Invocations
  1004 | D:2      | Reached skill level 1 in Short Blades
  1004 | D:2      | Reached skill level 1 in Long Blades
  1004 | D:2      | Reached skill level 1 in Axes
  1004 | D:2      | Reached skill level 1 in Maces & Flails
  1004 | D:2      | Reached skill level 1 in Staves
  1004 | D:2      | Reached skill level 1 in Slings
  1004 | D:2      | Reached skill level 1 in Bows
  1004 | D:2      | Reached skill level 1 in Crossbows
  1004 | D:2      | Reached skill level 1 in Armour
  1004 | D:2      | Reached skill level 1 in Stealth
  1004 | D:2      | Reached skill level 1 in Shields
  1004 | D:2      | Reached skill level 1 in Unarmed Combat
  1016 | D:2      | Noticed Terence
  1137 | D:2      | Killed Terence
  1137 | D:2      | Reached XP level 4. HP: 28/34 MP: 4/8
  1349 | D:2      | Reached skill level 1 in Conjurations
  1349 | D:2      | Reached skill level 1 in Hexes
  1349 | D:2      | Reached skill level 1 in Charms
  1349 | D:2      | Reached skill level 1 in Summonings
  1349 | D:2      | Reached skill level 1 in Translocations
  1349 | D:2      | Reached skill level 1 in Transmutations
  1349 | D:2      | Reached skill level 1 in Ice Magic
  1349 | D:2      | Reached skill level 1 in Air Magic
  1349 | D:2      | Reached skill level 1 in Earth Magic
  1349 | D:2      | Reached skill level 1 in Poison Magic
  1557 | D:3      | Reached XP level 5. HP: 40/40 MP: 5/9
  1671 | D:3      | Noticed Grinder
  1708 | D:3      | Killed Grinder
  1708 | D:3      | Reached XP level 6. HP: 36/47 MP: 8/11
  1816 | D:3      | Found a deep blue altar of Sif Muna.
  1874 | D:3      | Became a worshipper of Sif Muna the Loreminder
  2037 | D:3      | Reached XP level 7. HP: 45/52 MP: 12/12
  2160 | D:3      | Found a glowing drain.
  2165 | Sewer    | Entered a sewer
  3204 | D:4      | Found a snail-covered altar of Cheibriados.
  3611 | D:4      | Found an ancient bone altar of Kikubaaqudgha.
  3637 | D:4      | Found an ornate altar of the Wu Jian Council.
  3720 | D:4      | Reached * piety under Sif Muna
  3855 | D:4      | Found a staircase to the Ecumenical Temple.
  4011 | D:5      | Entered Level 5 of the Dungeon
  4011 | D:5      | Found a sacrificial altar of Ru.
  4011 | D:5      | Found a blossoming altar of Fedhas.
  4117 | D:5      | Reached XP level 8. HP: 36/60 MP: 11/14
  4299 | D:5      | Found an iron altar of Okawaru.
  4299 | D:5      | Found a bloodstained altar of Trog.
  4348 | D:5      | Noticed Prince Ribbit
  4454 | D:5      | Killed Prince Ribbit
  4508 | D:5      | Found a shadowy altar of Dithmenos.
  4629 | D:5      | Noticed Ijyb
  4632 | D:5      | Paralysed by Ijyb for 2 turns
  4640 | D:5      | Your ally died
  4741 | D:5      | Noticed Pikel
  4769 | D:5      | Killed Pikel
  4769 | D:5      | Reached XP level 9. HP: 20/66 MP: 11/16
  4837 | D:5      | Reached skill level 5 in Necromancy
  4837 | D:5      | Reached skill level 5 in Fire Magic
  5335 | D:6      | Reached ** piety under Sif Muna
  5375 | D:6      | Got an ancient quarterstaff
  5376 | D:6      | Identified the +2 quarterstaff of Gusur {holy, Fragile rF+
                  | Int+3} (You found it on level 6 of the Dungeon)
  5463 | D:5      | Demolished by an orc warrior

Skill      XL: |  1  2  3  4  5  6  7  8  9 |
---------------+----------------------------+-----
Invocations    | 1 2 3 4 |  4.4
Short Blades   | 1 2 3 4 |  4.0
Long Blades    | 1 2 3 4 |  4.0
Axes           | 1 2 3 4 |  4.0
Maces & Flails | 1 2 3 4 |  4.0
Staves         | 1 2 3 4 |  4.0
Slings         | 1 2 3 4 |  4.0
Bows           | 1 2 3 4 |  4.0
Crossbows      | 1 2 3 4 |  4.0
Armour         | 1 2 3 4 |  4.0
Stealth        | 1 2 3 4 |  4.0
Shields        | 1 2 3 4 |  4.0
Unarmed Combat | 1 2 3 4 |  4.0
Spellcasting   | 3 4 |  4.9
Conjurations   | 1 2 3 |  3.2
Hexes          | 1 2 3 |  3.2
Charms         | 1 2 3 |  3.2
Summonings     | 1 2 3 |  3.2
Translocations | 1 2 3 |  3.2
Transmutations | 1 2 3 |  3.2
Ice Magic      | 1 2 3 |  3.2
Air Magic      | 1 2 3 |  3.2
Earth Magic    | 1 2 3 |  3.2
Poison Magic   | 1 2 3 |  3.2
Fighting       | 3 4 |  4.8
Polearms       | 3 4 |  4.8
Throwing       | 3 4 |  4.8
Dodging        | 3 4 |  4.8
Evocations     | 3 4 |  4.8
Necromancy     | 4 5 |  5.1
Fire Magic     | 4 5 |  5.1

Action                   |  1- 3 |  4- 6 |  7- 9 || total
-------------------------+-------+-------+-------++-------
Melee: Spear             |    97 |   115 |   304 ||   516
       Bite              |     5 |    13 |    35 ||    53
       Falchion          |       |       |    37 ||    37
       Great sword       |       |       |     6 ||     6
 Cast: Sting             |     9 |    25 |   129 ||   163
Evoke: Wand              |       |     2 |    16 ||    18
  Use: Potion            |       |       |     5 ||     5
       Scroll            |       |       |     2 ||     2
 Stab: Sleeping          |     1 |     1 |     3 ||     5
       Paralysed         |       |    15 |    13 ||    28
  Eat: Chunk             |       |     4 |     8 ||    12
       Ration            |       |       |     1 ||     1
Armor: Robe              |     7 |    11 |    57 ||    75
       Skin              |       |       |    19 ||    19
Dodge: Dodged            |    43 |    31 |   216 ||   290
Block: Buckler           |     5 |    27 |   121 ||   153
       Rpst.: Falchion   |       |       |    11 ||    11
       Great sword       |       |       |     1 ||     1
